 Dungeon Crawl Stone Soup version 0.25.1-2-g60ff931df9 (webtiles) character file.

Game seed: 6173011787508131895

215 Acheron the Chiller (level 5, -6/28 HPs)
             Began as a Deep Elf Ice Elementalist on Sept 1, 2020.
             Mangled by an ogre
             ... wielding a +0 giant club
              (10 damage)
             ... on level 4 of the Dungeon.
             The game lasted 00:29:23 (3719 turns).

Acheron the Chiller (Deep Elf Ice Elementalist)     Turns: 3719, Time: 00:29:23

Health: -6/28      AC:  5    Str:  6    XL:     5   Next: 60%
Magic:  10/14      EV: 13    Int: 20    God:
Gold:   218        SH:  0    Dex: 15    Spells: 7/14 levels left

rFire    . . .     SeeInvis .   i - +0 short sword
rCold    . . .     Gourm    .   (no shield)
rNeg     . . .     Faith    .   n - +1 robe {MR+}
rPois    .         Spirit   .   (no helmet)
rElec    .         Reflect  .   b - +0 cloak
rCorr    +         Harm     .   k - +0 pair of gloves
MR       +....                  (no boots)
Stlth    ++........             (no amulet)
HPRegen  0.09/turn              p - ring of resist corrosion
MPRegen  0.14/turn              (no ring)

@: frozen ramparts
A: no striking features
a: no special abilities


You were on level 4 of the Dungeon.
You were not hungry.

You visited 1 branch of the dungeon, and saw 4 of its levels.

You collected 218 gold pieces.

Inventory:

Hand Weapons
 a - a +0 hand axe
 i - a +0 short sword (weapon)
 j - a +0 whip
Missiles
 e - 119 stones (quivered)
 g - 10 poisoned darts
Armour
 b - a +0 cloak (worn)
 f - a +1 pair of gloves of dexterity
 k - a +0 pair of gloves (worn)
 n - a +1 robe of magic resistance (worn)
 q - a +2 chain mail of cold resistance
Jewellery
 p - a ring of resist corrosion (left hand)
 u - the amulet of Ocvepn Anie {Faith *Corrode Str-4 Slay+6 SInv}
   (You found it on level 4 of the Dungeon)

   [amulet of faith]

   It allows you to gain divine favour quickly.
   It affects your strength (-4).
   It affects your accuracy and damage with ranged weapons and melee attacks
   (+6).
   It lets you see invisible.
   It may corrode you when you take damage.
Scrolls
 d - a scroll of fog {unknown}
 h - 3 scrolls of remove curse
 m - a scroll of blinking {unknown}
Potions
 l - a potion of curing
 r - a potion of stabbing {unknown}
 t - a potion of heal wounds {unknown}
Comestibles
 c - 4 rations
 o - 3 chunks of flesh


   Skills:
 * Level 0.9 Fighting
 * Level 0.9 Short Blades
 * Level 1.4 Throwing
 * Level 3.0 Dodging
 * Level 3.2 Stealth
 * Level 5.0 Spellcasting
 * Level 1.6 Charms
 + Level 5.2 Ice Magic


You had 7 spell levels left.
You knew the following spells:

 Your Spells              Type           Power        Failure   Level  Hunger
a - Freeze                Ice            ####         1%          1    None
b - Frozen Ramparts       Ice            ####..       4%          3    ##.....
c - Ozocubu's Armour      Chrm/Ice       ###.....     9%          3    ##.....

Your spell library contained the following spells:

 Spells                   Type           Power        Failure   Level  Hunger
 Hailstorm                Conj/Ice       ###.....     36%         4    ####...
 Summon Ice Beast         Ice/Summ       ###.....     36%         4    ####...


Dungeon Overview and Level Annotations

Branches:
Dungeon (4/15)
 Temple: D:4-7

Altars:
Xom

Annotations:
D:1 exclusion: downstairs


Message History

* * * LOW HITPOINT WARNING * * *
As you read the scroll of teleportation, it crumbles to dust.
You feel strangely unstable. The bullfrog skeleton hits you.
* * * LOW HITPOINT WARNING * * *
Your surroundings suddenly seem different.
An adder zombie comes into view.
Found 16 sling bullets and a scroll labeled KEILUZ PEAWULE.
Found an escape hatch in the ceiling.
Found a ration.
d - a scroll labeled KEILUZ PEAWULE You start resting.
Eating one of 4 chunks of flesh.
You eat one of the 4 chunks of flesh.
This raw flesh tastes terrible.
An ogre comes into view. It is wielding a +0 giant club.
Casting: Ozocubu's Armour (quite dangerous; 9% risk of failure)
Confirm with . or Enter, or press ? or * to list all spells.
The walls around you are covered in ice.
The wall freezes the ogre.
The wall freezes the ogre.
The wall freezes the ogre. x2; The ogre hits you with a +0 giant club!
You die...

# #.# #.# # #..##Z# ##
#...#.# .# #.....#
.####..#))#####'#######+##
...##. #..†...............
.#.## #.)...#####........
...# ..#...######<.......
##.##.#..##.....@O.# ##.##
##.........###
.#.##....%..###.##
.#.F..##.. .# #..#
.......#. #....(....
.#.##.. ...#..#.... .#.#
.. ..### ..# ... ....
..... #.. .. ..<%. #.. #..
.


You could see an ogre.

Vanquished Creatures
  A hound (D:4)
  An orc wizard (D:4)
  5 adders
  4 worms
  5 dart slugs (D:1)
  6 leopard geckos
  4 orcs
  A ball python (D:1)
  9 bats
  2 giant cockroaches
  13 goblins
  11 hobgoblins
  3 quokkas
  7 frilled lizards
  7 kobolds
  6 rats
85 creatures vanquished.

Notes
Turn   | Place    | Note
-------+----------+-------------------------------------------
     0 | D:1      | Acheron the Deep Elf Ice Elementalist began the quest for
                  | the Orb.
     0 | D:1      | Reached XP level 1. HP: 10/10 MP: 6/6
   158 | D:1      | Reached XP level 2. HP: 15/15 MP: 5/8
   740 | D:1      | Reached skill level 1 in Throwing
   746 | D:1      | Reached XP level 3. HP: 11/20 MP: 2/9
  1727 | D:2      | Learned a level 3 spell: Frozen Ramparts
  1731 | D:2      | Learned a level 3 spell: Ozocubu's Armour
  1929 | D:2      | Reached XP level 4. HP: 24/24 MP: 12/12
  2354 | D:3      | Reached skill level 5 in Ice Magic
  2552 | D:3      | Reached skill level 1 in Charms
  3336 | D:3      | Reached XP level 5. HP: 28/28 MP: 9/13
  3513 | D:4      | Got a flickering ruby amulet
  3514 | D:4      | Identified the amulet of Ocvepn Anie {Faith *Corrode Str-4
                  | Slay+6 SInv} (You found it on level 4 of the Dungeon)
  3643 | D:4      | Found a shimmering altar of Xom.
  3689 | D:4      | Reached skill level 5 in Spellcasting
  3716 | D:4      | Noticed an ogre
  3719 | D:4      | Mangled by an ogre

Illustrated notes

Levels and vault maps discovered:
D:1:      minmay_arrival_wavy_path, layout_rooms, chequers_serial_rivers_small_b
D:2:      minmay_alternating_diamond, layout_basic, grunt_ministairs_10
D:3:      layout_rooms, makhleb_altar_promises_db
D:4:      layout_rooms, gammafunk_temple_overflow_wave, marbit_many_paths,
          minmay_temple_entry_glass, first_ration, minmay_quadrilaterals,
          uniq_blork_the_orc

Skill      XL: |  1  2  3  4  5 |
---------------+----------------+-----
Throwing       | 1 |  1.4
Stealth        | 3 |  3.2
Spellcasting   | 4 5 |  5.0
Ice Magic      | 5 |  5.2
Charms         | 1 |  1.6
Dodging        | 3 |  3.0
Fighting       | |  0.9
Short Blades   | |  0.9

Action                   |  1- 3 |  4- 6 || total
-------------------------+-------+-------++-------
Melee: Unarmed           |    22 |       ||    22
       Short sword       |    23 |    28 ||    51
Throw: Stone             |     2 |       ||     2
 Cast: Freeze            |    47 |    24 ||    71
       Frozen Ramparts   |     2 |    17 ||    19
       Ozocubu's Armour  |       |     1 ||     1
  Use: Scroll            |       |     5 ||     5
       Potion            |       |     1 ||     1
 Stab: Sleeping          |     3 |     2 ||     5
  Eat: Chunk             |     3 |     7 ||    10
Armor: Robe              |    23 |    10 ||    33
Dodge: Dodged            |    67 |    41 ||   108
